Map: Ultralove

Players

WeAreLegion

  • Race: Terran Terran
  • League: Silver
  • Spawn Location: 7:00

Blitz - Winner!

  • Race: Terran Terran
  • League: Silver
  • Spawn Location: 1:00

VOD

Have the link to the VOD?

Description

Time

  • Played on: Dec. 12, 2024, 11 p.m.
  • Length: 15:21
Show
View Real Time Build Order
Export as new Build Order

WeAreLegion Terran 

Build Orders:  

Get SALT Encoding   

  12  0:00  SCV  
  13  0:13  SCV  
  14  0:16  Supply Depot  
  14  0:25  SCV  
  15  0:38  SCV  
  15  0:41  Barracks  
  16  0:45  Refinery  
  16  1:01  SCV  
  17  1:13  SCV  
  17  1:16  Refinery  
  19  1:28  Orbital Command  
  19  1:29  Reaper  
  19  1:33  Supply Depot  
  19  1:55  SCV  
  20  2:04  Factory  
  20  2:15  SCV  
  21  2:25  Command Center  
  21  2:28  Reaper  
  22  2:35  SCV  
  23  2:47  SCV  
  24  2:52  Starport  
  24  2:57  Hellion  
  26  2:59  SCV  
  26  3:01  Barracks Reactor  
  27  3:12  SCV  
  28  3:20  Widow Mine  
  28  3:24  SCV  
  31  3:41  Widow Mine  
  31  3:42  Starport Tech Lab, Marine x2  
  31  3:43  SCV  
  31  3:45  Orbital Command  
  36  3:55  SCV  
  37  3:59  Marine x2, Engineering Bay  
  39  4:08  Barracks  
  39  4:10  SCV, Barracks  
  39  4:11  SCV  
  41  4:17  Marine x2  
  41  4:21  Banshee  
  46  4:35  Supply Depot  
  46  4:36  Supply Depot  
  46  4:37  Marine x2  
  46  4:38  SCV x2  
  50  4:39  Cloaking Field  
  50  4:55  Marine  
  50  4:59  Factory Tech Lab  
  51  5:05  Supply Depot, SCV x2  
  51  5:06  Supply Depot  
  53  5:10  Barracks Tech Lab  
  53  5:17  SCV  
  53  5:19  SCV  
  55  5:24  Refinery, Barracks Reactor  
  55  5:25  Refinery  
  55  5:29  SCV, Marine x2  
  55  5:30  Siege Tank  
  55  5:31  SCV  
  62  5:41  SCV, Missile Turret  
  63  5:44  SCV  
  63  5:46  Banshee  
  63  5:47  Marine  
  68  5:53  SCV, Marine  
  68  5:56  SCV  
  71  6:05  SCV, Barracks  
  71  6:06  Barracks  
  71  6:08  SCV  
  71  6:10  Stimpack  
  73  6:12  Marine x2  
  73  6:13  Siege Tank  
  78  6:21  SCV  
  78  6:22  SCV  
  80  6:30  Marine  
  81  6:33  SCV  
  81  6:34  SCV  
  83  6:41  Supply Depot  
  83  6:46  Supply Depot  
  83  6:49  SCV x2  
  83  6:50  Marine  
  86  7:03  Raven, SCV x2, Marine, Siege Tank  
  86  7:06  Supply Depot  
  94  7:08  Marine  
  94  7:09  Supply Depot  
  94  7:10  Marine  
  94  7:11  Marine  
  94  7:15  SCV  
  98  7:21  Marine  
  99  7:26  Marine  
  98  7:32  SCV x2, Marine  
  98  7:35  Siege Tank  
  103  7:38  Marine  
  103  7:44  SCV, Marine  
  105  7:50  Marine  
  108  7:56  Marine  
  105  8:02  Marine  
  106  8:08  Marine  
  107  8:16  Command Center  
  107  8:19  Command Center  
  106  8:32  Marine x2  
  110  8:40  Barracks Reactor  
  108  8:46  Barracks Tech Lab  
  108  9:00  Command Center  
  108  9:15  SCV x2  
  110  9:21  Combat Shield  
  110  9:24  Terran Infantry Weapons Level 1  
  110  9:27  SCV x2  
  110  9:29  Engineering Bay  
  110  9:30  Armory  
  112  9:33  Armory  
  112  9:39  SCV  
  113  9:47  Supply Depot  
  113  9:55  Supply Depot  
  113  9:58  SCV x2  
  115  10:07  Marine x3  
  115  10:09  Siege Tank  
  115  10:10  Supply Depot, SCV x2  
  124  10:20  Concussive Shells  
  123  10:22  SCV  
  123  10:23  Supply Depot  
  123  10:26  Marauder  
  83  10:41  Siege Tank  
  85  10:47  Marauder  
  80  10:57  Marine x3  
  66  11:09  Marauder  
  66  11:10  Liberator x2  
  60  11:13  Siege Tank  
  60  11:15  Marine x2, Marauder  
  60  11:18  Neosteel Armor  
  62  11:30  Marauder  
  62  11:32  Marine x2  
  62  11:34  Planetary Fortress  
  62  11:37  Marauder  
  66  11:45  Siege Tank  
  69  11:50  Marine x2  
  69  11:51  Marauder  
  69  11:52  Liberator  
  76  11:58  Marauder  
  76  12:06  SCV  
  76  12:08  Marine x2  
  77  12:13  Marauder  
  81  12:17  Widow Mine  
  81  12:18  SCV x2  
  81  12:20  Marauder  
  87  12:26  SCV  
  88  12:30  SCV x2  
  90  12:39  SCV, Widow Mine  
  90  12:40  Marine  
  90  12:42  SCV x2  
  71  12:54  SCV  
  71  12:55  SCV  
  71  12:59  Starport  
  71  13:06  SCV  
  71  13:07  SCV  
  71  13:08  Planetary Fortress  
  71  13:12  Command Center  
  73  13:17  Marine  
  73  13:18  SCV, Marine x2  
  73  13:19  SCV  
  78  13:24  Command Center  
  78  13:31  SCV x2  
  80  13:35  Marine x2  
  80  13:36  Marauder  
  84  13:43  SCV  
  84  13:45  SCV x2  
  87  13:53  Marine x2  
  87  13:55  SCV  
  90  13:57  SCV, Marine  
  92  14:11  Marine x2  
  92  14:15  Marine  
  95  14:17  SCV x3  
  98  14:29  SCV, Marine  
  98  14:31  SCV x2  
  102  14:32  Marine x2  
  102  14:33  Siege Tank  
  107  14:41  SCV  
  107  14:43  SCV  
  109  14:46  Marine  
  109  14:50  Marine  
  109  14:51  Marauder  
  111  15:00  Starport x2  
  114  15:11  Starport  
Show
View Real Time Build Order
Export as new Build Order

Blitz Terran - Winner!

Build Orders:  

Get SALT Encoding   

  12  0:00  SCV  
  13  0:14  SCV  
  13  0:18  Supply Depot  
  14  0:27  SCV  
  15  0:40  SCV  
  15  0:41  Barracks  
  16  0:45  Refinery  
  16  0:52  SCV  
  17  1:04  SCV  
  18  1:16  SCV  
  19  1:30  Orbital Command, Barracks Reactor  
  19  1:45  Command Center  
  19  1:56  SCV  
  20  2:07  Supply Depot  
  20  2:10  Marine  
  20  2:11  Marine  
  21  2:22  Refinery  
  21  2:28  Marine x2  
  21  2:29  Factory  
  22  2:36  SCV  
  23  2:46  Marine x2  
  23  2:48  SCV  
  26  3:01  SCV  
  26  3:03  Orbital Command  
  26  3:04  Marine x2  
  29  3:13  SCV  
  29  3:14  Factory Tech Lab  
  30  3:20  Starport  
  30  3:25  SCV  
  31  3:32  Supply Depot, SCV  
  32  3:42  Siege Tank  
  35  3:48  SCV  
  35  3:50  SCV  
  37  3:58  Marine  
  38  4:03  Liberator  
  41  4:18  Supply Depot  
  41  4:34  Factory Tech Lab  
  41  4:35  Barracks  
  41  4:38  Stimpack  
  41  4:39  SCV, Barracks  
  42  4:56  SCV  
  42  4:57  SCV  
  42  4:58  Starport Reactor  
  44  5:10  Supply Depot, Barracks  
  44  5:12  Barracks  
  44  5:27  SCV x2  
  46  5:33  Refinery  
  46  5:35  Refinery  
  43  5:36  Engineering Bay  
  43  5:41  Marine  
  43  5:42  Marine, Marauder  
  47  5:52  Factory Tech Lab  
  47  6:01  Barracks Reactor  
  47  6:03  Starport Reactor  
  47  6:04  Combat Shield  
  47  6:05  Marine x3  
  47  6:06  SCV x2, Marauder  
  47  6:10  Supply Depot x2  
  54  6:13  Marine x2  
  56  6:24  SCV x2  
  58  6:36  Marine x3  
  58  6:37  Marauder  
  63  6:40  Supply Depot  
  63  6:42  Siege Tank  
  63  6:43  Supply Depot, Medivac  
  63  6:45  Medivac  
  70  6:48  SCV  
  70  6:49  SCV  
  70  6:51  Marine  
  70  6:52  Marauder  
  73  7:02  SCV x2, Marine  
  73  7:03  Marine, Marauder  
  79  7:09  Starport  
  72  7:42  Missile Turret x2  
  72  7:45  Factory  
  72  7:46  Missile Turret  
  72  7:47  SCV x2, Marine x2, Missile Turret  
  72  7:48  Marauder  
  72  7:49  Missile Turret x2  
  75  7:59  Marine  
  75  8:00  Marauder  
  75  8:04  SCV x2  
  80  8:13  Marine  
  80  8:14  Marine  
  80  8:16  SCV x2  
  84  8:24  Supply Depot  
  84  8:27  Siege Tank  
  84  8:28  SCV x2  
  84  8:30  Starport Tech Lab  
  84  8:32  Factory Tech Lab  
  89  8:35  Marine  
  89  8:40  SCV  
  90  8:44  Marine x2  
  90  8:45  Marauder  
  94  8:50  Medivac  
  94  8:52  Medivac  
  94  8:54  Marine x2  
  100  8:59  Supply Depot, Siege Tank  
  100  9:02  Supply Depot  
  103  9:06  Siege Tank  
  106  9:15  Missile Turret  
  106  9:17  Marine x2, Marauder  
  106  9:21  Marine x2  
  106  9:24  SCV  
  113  9:28  Supply Depot  
  113  9:33  Supply Depot  
  113  9:53  Raven  
  115  10:00  Marine x3  
  115  10:01  Marauder  
  115  10:05  Supply Depot  
  120  10:08  Supply Depot  
  117  10:28  Terran Infantry Weapons Level 1  
  106  10:31  Supply Depot  
  106  10:32  Supply Depot  
  106  10:34  Marine x3, Marauder  
  106  10:35  Marauder  
  109  10:45  Marine x3  
  109  10:46  SCV x2  
  109  10:56  Marauder  
  109  10:57  Marine  
  109  10:58  SCV, Marine, Marauder  
  114  11:15  Marine x2  
  114  11:16  Marine  
  114  11:17  Marauder  
  119  11:18  SCV x2  
  119  11:20  Marauder  
  117  11:30  SCV  
  116  11:34  Marine x3  
  116  11:37  Supply Depot  
  116  11:39  Marauder  
  121  11:41  Marauder  
  123  11:48  Engineering Bay  
  123  11:49  Armory  
  123  11:50  Armory  
  123  11:53  Marine x2  
  125  12:00  Marauder  
  123  12:48  Marine x4  
  123  12:49  Marauder x2  
  113  12:58  Marine x2  
  113  12:59  Siege Tank  
  113  13:00  Siege Tank  
  113  13:04  Terran Infantry Weapons Level 2  
  113  13:05  Terran Infantry Armor Level 1  
  121  13:06  Marine x3, Terran Vehicle Weapons Level 1  
  121  13:07  Terran Vehicle And Ship Armor Level 1  
  121  13:10  Marauder x2  
  128  13:16  Marine  
  129  13:20  Raven, Command Center  
  129  13:22  Marine  
  132  13:31  Siege Tank  
  135  13:35  SCV x2  
  135  13:41  Marine x2  
  137  13:42  Marauder  
  137  13:47  Marine, Marauder  
  144  13:57  Marine x3  
  147  14:03  Marauder  
  147  14:09  Marauder  
  151  14:15  Marine x2  
  151  14:16  Siege Tank  
  156  14:23  Siege Tank  
  159  14:24  Marauder  
  161  14:35  Supply Depot, SCV  
  161  14:36  Supply Depot, SCV  
  163  14:49  Siege Tank  
  163  15:10  Missile Turret  
  163  15:13  Missile Turret  
  163  15:14  Missile Turret  
Tags
 
Matchup
TvT
Race
Terran
Replay Pack
December
Spawn Locations
Cross Positions
Add a new tag
Caveats
  • Supply blocks, unpowered buildings, or Contaminate may cause inaccurate times.
  • Supply counts are checked every 10 seconds.